[Event "42nd Olympiad Baku 2016 Open"]
[Site "Baku"]
[Date "2016.09.08"]
[Round "6.35"]
[White "Hardan, Hamid Musallem"]
[Black "Forbes, Garry"]
[Result "1/2-1/2"]
[ECO "B34"]
[WhiteElo "1914"]
[BlackElo "1911"]
[Annotator ""]
[PlyCount "153"]
[EventDate "2016.??.??"]
[EventCountry "AZE"]
[SourceTitle "playchess.com"]
[Source "ChessBase"]
[WhiteTeam "OMA"]
[BlackTeam "Channel Islands"]
[BlackTeamCountry "JCI"]
[TimeControl "40/5400+30:1800+30"]

1. e4 {(00:00} c5 {(00:00} 2. Nc3 {(00:19} Nc6 {
(00:54} 3. Nf3 {(00:15} g6 {(01:51} 4. d4 {(00:
14} cxd4 5. Nxd4 {(00:27} Nf6 {(03:43} 6. Be3 {(01:32}
Bg7 {(03:21} 7. f3 {(00:45} O-O {(05:30} 8. Be2 {
(01:20} d5 {(05:07} 9. O-O {(11:46} e5 {(07:02}
10. Nxc6 {(01:27} bxc6 {(00:06} 11. exd5 {(03:10} cxd5
{(02:14} 12. Bc5 {(00:25} Re8 {(00:57} 13. Rb1 {
(01:06} a6 {(14:04} 14. a4 {(00:22} Bb7 {(01:09]
} 15. Bd3 {(04:10} Rc8 {(11:08} 16. Bf2 {(03:32} Qc7 {
(04:21} 17. Qe2 {(01:14} Qc6 {(01:54} 18. a5 {(
02:04} e4 {(01:19} 19. fxe4 {(11:19} dxe4 {(00:52} 20.
Bc4 {(13:18} Qxc4 {(01:04} 21. Qxc4 {(04:10} Rxc4 {
(00:01} 22. Rbe1 {(02:02} Ng4 {(13:04} 23. Bb6 {
(00:37} Bd4+ {(04:51} 24. Bxd4 {(02:07} Rxd4 {(
00:01} 25. h3 {(00:38} Ne5 {(02:18} 26. Rf6 {(01:39}
Nc4 {(03:50} 27. Na4 {(02:56} Rd6 {(11:01} 28. Rxd6 {
(00:45} Nxd6 {(00:01} 29. Nc5 {(00:07} Bc8 {(00:
19} 30. b3 {(00:37} f5 {(00:46} 31. Rd1 {(00:12} Nb5 {
(01:27} 32. Na4 {(01:04} Kf7 {(00:55} 33. c4 {(
00:14} Nc7 {(00:37} 34. Nb6 {(00:10} Ke7 {(00:30} 35.
b4 {(00:57} Rd8 {(00:19} 36. Rb1 {(00:57} Bb7 {(
00:38} 37. b5 {(00:11} axb5 {(00:33} 38. cxb5 {(00:02}
Rd2 {(00:35} 39. Nc4 {(00:44} Rc2 {(00:32} 40. a6 {
(00:00} Nxa6 {(00:00} 41. Ne3 {(00:21} Ra2 {(01:
25} 42. bxa6 {(00:17} Bxa6 {(00:37} 43. Rb6 {(01:06}
Kf7 {(14:56} 44. Nd5 {(01:09} Kg7 {(02:21} 45. Nc7 {
(02:17} Bd3 {(02:11} 46. Ne6+ {(01:13} Kg8 {(04:
36} 47. Rb8+ {(01:11} Kf7 {(00:59} 48. Ng5+ {(00:16}
Kf6 {(02:00} 49. Nxh7+ {(00:29} Ke5 {(00:27} 50. Rg8 {
(08:33} f4 {(05:07} 51. Rxg6 {(00:44} e3 {(00:
19} 52. Rg5+ {(00:27} Kd4 {(00:37} 53. Nf8 {(02:13}
Ra1+ {(00:41} 54. Kh2 {(00:07} e2 {(00:45} 55. Ne6+ {
(00:26} Kc4 {(01:00} 56. Rc5+ {(01:12} Kb4 {(00:
18} 57. Re5 {(01:38} e1=Q {(00:19} 58. Rxe1 {(00:35}
Rxe1 {(00:34} 59. Nxf4 {(00:02} Be4 {(00:37} 60. g4 {
(00:11} Re3 {(00:40} 61. Nh5 {(00:59} Kc5 {(00:
17} 62. Nf6 {(00:19} Kd6 {(00:42} 63. h4 {(00:51} Ke7
{(00:30} 64. g5 {(00:13} Kf7 {(00:30} 65. Ng4 {(
00:14} Ra3 {(00:25} 66. h5 {(00:21} Bf5 {(00:37} 67.
Nf2 {(04:27} Kg7 {(00:27} 68. Kg2 {(00:10} Re3 {
(00:38} 69. Kh2 {(00:03} Kf7 {(00:00} 70. Kg2 {(
00:00} Ke6 {(00:21} 71. Kh2 {(00:00} Ke5 {(00:40} 72.
Kg2 {(00:00} Kf4 {(00:42} 73. g6 {(00:00} Kg5 {(
00:43} 74. g7 {(00:04} Be6 {(00:24} 75. h6 {(00:01}
Kxh6 {(00:02} 76. Ng4+ {(00:02} Kxg7 {(00:52} 77. Nxe3
{(00:02} 1/2-1/2

[Event "42nd Olympiad Baku 2016 Open"]
[Site "Baku"]
[Date "2016.09.08"]
[Round "6.1"]
[White "Harikrishna, P."]
[Black "Giri, Anish"]
[Result "1/2-1/2"]
[ECO "B90"]
[WhiteElo "2752"]
[BlackElo "2755"]
[Annotator ""]
[PlyCount "97"]
[EventDate "2016.??.??"]
[EventCountry "AZE"]
[SourceTitle "playchess.com"]
[Source "ChessBase"]
[WhiteTeam "India"]
[BlackTeam "Netherlands"]
[WhiteTeamCountry "IND"]
[BlackTeamCountry "NED"]
[TimeControl "40/5400+30:1800+30"]

1. e4 {(00:00} c5 {(00:00} 2. Nf3 {(00:00} d6 {(
00:00} 3. d4 {(00:00} cxd4 {(00:00} 4. Nxd4 {(00:00}
Nf6 {(00:00} 5. Nc3 {(00:00} a6 {(00:00} 6. h3 {
(00:02} e5 {(01:02} 7. Nde2 {(00:06} h5 {(00:07]
} 8. g3 {(00:15} Be6 {(00:14} 9. Bg2 {(00:40} b5 {
(00:21} 10. Bg5 {(08:09} Nbd7 {(05:47} 11. Nd5 {
(02:06} Bxd5 {(01:20} 12. exd5 {(00:08} Be7 {(
00:10} 13. a4 {(03:23} b4 {(03:33} 14. O-O {(03:34}
O-O {(00:33} 15. Re1 {(08:07} Rb8 {(02:36} 16. Nc1 {
(01:57} Nc5 {(01:45} 17. Be3 {(11:45} h4 {(02:
19} 18. g4 {(11:42} Nfd7 {(01:17} 19. Qd2 {(01:17} f5
{(02:22} 20. gxf5 {(02:14} Rxf5 {(00:29} 21. Nd3 {
(00:02} Bg5 {(02:49} 22. f4 {(04:06} exf4 {(06:
28} 23. Nxf4 {(00:05} Qf6 {(02:40} 24. Ne6 {(07:47}
Bxe3+ {(00:19} 25. Qxe3 {(01:12} Qxb2 {(01:44} 26. Qd4
{(09:13} Qxd4+ {(09:10} 27. Nxd4 {(00:08} Rf4 {(
06:40} 28. Nc6 {(00:08} Rbf8 {(09:29} 29. Reb1 {(01:55]
} g5 {(06:09} 30. a5 {(01:50} g4 {(06:07} 31. hxg4 {
(01:57} b3 {(08:27} 32. cxb3 {(00:02} Rxg4 {(00:
08} 33. Kh1 {(01:54} Rg3 {(01:24} 34. Rf1 {(04:00} h3
{(04:49} 35. Rxf8+ {(00:20} Nxf8 {(01:05} 36. Bf1 {
(00:39} Rxb3 {(04:00} 37. Kh2 {(02:54} Ng6 {(01:
25} 38. Bxh3 {(00:14} Nf4 {(01:58} 39. Be6+ {(03:38}
Kg7 {(02:58} 40. Rg1+ {(00:00} Kf6 {(00:00} 41. Rf1 {
(08:41} Ncd3 {(09:50} 42. Bc8 {(00:28} Kg5 {(04:
04} 43. Nd4 {(09:20} Rb8 {(18:20} 44. Bxa6 {(01:04}
Rh8+ {(04:18} 45. Kg1 {(00:06} Nh3+ {(00:04} 46. Kg2 {
(00:28} Nhf4+ {(00:06} 47. Kg1 {(00:07} Nh3+ {(
00:20} 48. Kg2 {(00:06} Nhf4+ {(00:27} 49. Kg1 {(00:08]
} 1/2-1/2

[Event "42nd Olympiad Baku 2016 Open"]
[Site "Baku"]
[Date "2016.09.08"]
[Round "6.32"]
[White "Hassan Abubaker abdalmalik Al"]
[Black "Hernandez, Mauricio Daniel"]
[Result "1/2-1/2"]
[ECO "C50"]
[WhiteElo "2167"]
[BlackElo "2027"]
[Annotator ""]
[PlyCount "130"]
[EventDate "2016.??.??"]
[EventCountry "AZE"]
[SourceTitle "playchess.com"]
[Source "ChessBase"]
[WhiteTeam "Sudan"]
[BlackTeam "El Salvador"]
[WhiteTeamCountry "SUD"]
[BlackTeamCountry "ESA"]
[TimeControl "40/5400+30:1800+30"]

1. e4 {(01:28} e5 {(00:00} 2. Nf3 {(00:07} Nc6 {
(00:00} 3. Bc4 {(00:19} Bc5 {(01:31} 4. O-O {(
02:30} Nf6 {(00:59} 5. d3 {(00:23} O-O {(04:53} 6. Nc3
{(00:18} h6 {(04:25} 7. h3 {(00:48} a6 {(00:15}
8. Re1 {(00:10} d6 {(05:25} 9. Be3 {(00:46} Nd4 {
(04:16} 10. Bxd4 {(00:29} Bxd4 {(02:32} 11. Nxd4 {
(01:02} exd4 {(00:07} 12. Ne2 {(00:08} c5 {(02:
25} 13. Nf4 {(02:38} Re8 {(02:22} 14. c3 {(01:36} dxc3
{(01:29} 15. bxc3 {(00:20} g5 {(04:36} 16. Nh5 {
(01:02} Be6 {(06:11} 17. Ng3 {(09:06} Nd7 {(09:
23} 18. Bxe6 {(01:41} fxe6 {(00:12} 19. d4 {(01:01}
cxd4 {(09:11} 20. cxd4 {(01:17} Qf6 {(00:20} 21. Rb1 {
(03:39} Rab8 {(02:50} 22. Qa4 {(01:12} Nf8 {(03:
05} 23. Rb6 {(11:00} Qe7 {(03:51} 24. Nh5 {(02:50}
Red8 {(02:06} 25. Reb1 {(00:49} Qf7 {(02:15} 26. Qd1 {
(02:32} Ng6 {(05:08} 27. Qg4 {(01:53} Kh8 {(05:
51} 28. R1b2 {(01:32} Nf4 {(03:26} 29. Nxf4 {(00:21}
gxf4 {(00:15} 30. Qh4 {(00:22} Kh7 {(01:21} 31. Qg4 {
(10:23} Rg8 {(03:38} 32. Qf3 {(00:20} Rg7 {(00:
27} 33. Rxd6 {(02:33} b5 {(05:27} 34. e5 {(04:19} Rbg8
{(01:34} 35. Qe4+ {(06:38} Kh8 {(00:06} 36. f3 {
(00:45} Qh5 {(00:57} 37. Kf1 {(00:22} Rxg2 {(00:
52} 38. Rd7 {(03:25} Rg1+ {(03:07} 39. Ke2 {(00:35}
Qg6 {(01:09} 40. Qxg6 {(00:00} R8xg6 {(00:00} 41. Kd3 {
(02:01} Re1 {(01:08} 42. Re2 {(00:44} Rxe2 {(04:
05} 43. Kxe2 {(00:09} Rg2+ {(00:09} 44. Kd3 {(00:26}
Rxa2 {(01:03} 45. d5 {(00:13} Ra3+ {(02:35} 46. Ke4 {
(03:33} Ra4+ {(02:38} 47. Kd3 {(00:08} Ra3+ {(
01:49} 48. Kd4 {(00:17} exd5 {(02:02} 49. Kxd5 {(02:45]
} Kg8 {(00:41} 50. Ke6 {(00:19} Rxf3 {(02:31} 51. Kf6 {
(26:19} Re3 {(04:49} 52. Rd8+ {(06:36} Kh7 {(00:
07} 53. Rd7+ {(02:18} Kg8 {(01:14} 54. Rd8+ {(08:00}
Kh7 {(00:06} 55. Rd4 {(01:59} a5 {(06:38} 56. e6 {
(01:18} b4 {(07:12} 57. Rd7+ {(08:00} Kg8 {(00:
05} 58. Rd8+ {(00:41} Kh7 {(00:04} 59. Ra8 {(00:27} b3
{(01:04} 60. Rxa5 {(00:31} f3 {(01:13} 61. Ra7+ {
(00:23} Kg8 {(00:06} 62. Ra8+ {(00:09} Kh7 {(00:
04} 63. Ra7+ {(00:54} Kg8 {(00:04} 64. Ra8+ {(00:35}
Kh7 {(00:04} 65. Ra7+ {(00:27} Kg8 {(00:04} 1/2-1/2

[Event "42nd Olympiad Baku 2016 Open"]
[Site "Baku"]
[Date "2016.09.08"]
[Round "6.6"]
[White "Heidenfeld, Mark"]
[Black "Strugnell, Carl"]
[Result "0-1"]
[ECO "C63"]
[WhiteElo "2366"]
[BlackElo "2239"]
[Annotator ""]
[PlyCount "128"]
[EventDate "2016.??.??"]
[EventCountry "AZE"]
[SourceTitle "playchess.com"]
[Source "ChessBase"]
[WhiteTeam "Ireland"]
[BlackTeam "Wales"]
[WhiteTeamCountry "IRL"]
[BlackTeamCountry "WLS"]
[TimeControl "40/5400+30:1800+30"]

1. e4 {(00:00} e5 {(00:00} 2. Nf3 {(00:16} Nc6 {
(00:05} 3. Bb5 {(01:05} f5 {(00:14} 4. d3 {(02:
17} fxe4 {(00:07} 5. dxe4 {(00:17} Nf6 {(00:19} 6. Qd3
{(04:10} Bb4+ {(07:32} 7. Bd2 {(05:44} Bxd2+ {(
04:24} 8. Nbxd2 {(01:38} d6 {(04:48} 9. O-O-O {(21:43}
Bd7 {(07:55} 10. Nf1 {(04:31} O-O {(05:01} 11. Ng3 {
(00:59} Kh8 {(01:50} 12. h3 {(08:32} a6 {(10:51]
} 13. Bxc6 {(00:42} bxc6 {(05:07} 14. Rhe1 {(09:36} Qb8
{(03:25} 15. Re3 {(04:06} Be6 {(02:31} 16. Qc3 {
(03:09} Qb6 {(01:11} 17. b3 {(02:09} a5 {(01:04]
} 18. Kd2 {(01:36} a4 {(05:15} 19. Ke1 {(00:29} axb3 {
(01:41} 20. axb3 {(00:06} Ra2 {(06:44} 21. Ra1 {
(03:52} Rxa1+ {(13:25} 22. Qxa1 {(00:08} Bc8 {(
00:36} 23. Kf1 {(04:18} Nd7 {(00:59} 24. Kg1 {(05:36}
Nc5 {(00:39} 25. Nd2 {(09:16} Ne6 {(03:01} 26. Rf3 {
(01:50} Re8 {(00:59} 27. Nc4 {(01:19} Qb4 {(04:
10} 28. Ne2 {(02:03} Bb7 {(03:45} 29. Qa5 {(00:51}
Qxa5 {(03:02} 30. Nxa5 {(00:02} Ba6 {(01:52} 31. c4 {
(01:08} c5 {(00:14} 32. Rd3 {(00:47} Kg8 {(00:
23} 33. Rd1 {(00:41} Ra8 {(01:13} 34. Ra1 {(00:49} Bc8
{(00:12} 35. f3 {(00:39} Nd8 {(00:42} 36. b4 {(
00:47} cxb4 {(00:09} 37. Nc1 {(00:16} c5 {(01:05} 38.
Ncb3 {(00:21} Kf7 {(01:12} 39. Kf2 {(00:11} Ra6 {
(00:41} 40. Ke3 {(00:00} Ke6 {(00:00} 41. h4 {(
02:44} Kd7 {(03:48} 42. g3 {(04:07} Kc7 {(03:22} 43.
f4 {(01:15} Nf7 {(00:09} 44. f5 {(02:20} h5 {(
00:09} 45. g4 {(04:40} hxg4 {(02:33} 46. Kf2 {(00:06}
Nh6 {(02:42} 47. Kg3 {(00:47} Ra8 {(03:03} 48. h5 {
(00:31} Bb7 {(04:39} 49. Re1 {(01:25} Kb6 {(06:
34} 50. Kh4 {(00:37} Rh8 {(01:41} 51. Kg5 {(01:38} Ba8
{(03:17} 52. Kg6 {(02:32} Rg8 {(00:20} 53. f6 {(
01:35} gxf6+ {(00:25} 54. Kxh6 {(00:08} g3 {(00:10}
55. Kh7 {(00:27} Rg5 {(00:46} 56. Nd2 {(00:34} g2 {
(00:59} 57. Rg1 {(07:12} Kxa5 {(00:44} 58. h6 {(
00:09} b3 {(01:19} 59. Nxb3+ {(04:39} Kb4 {(00:06} 60.
Nd2 {(00:04} Kc3 {(00:10} 61. Kh8 {(00:58} Kxd2 {
(01:26} 62. h7 {(00:07} f5 {(02:03} 63. Rxg2+ {(
04:02} Rxg2 {(00:23} 64. exf5 {(00:04} Be4 {(00:12}
0-1

[Event "42nd Olympiad Baku 2016 Open"]
[Site "Baku"]
[Date "2016.09.08"]
[Round "6.33"]
[White "Hernandez Guerrero, Gilberto"]
[Black "Ragger, Markus"]
[Result "0-1"]
[ECO "C00"]
[WhiteElo "2506"]
[BlackElo "2697"]
[Annotator ""]
[PlyCount "74"]
[EventDate "2016.??.??"]
[EventCountry "AZE"]
[SourceTitle "playchess.com"]
[Source "ChessBase"]
[WhiteTeam "Mexico"]
[BlackTeam "Austria"]
[WhiteTeamCountry "MEX"]
[BlackTeamCountry "AUT"]
[TimeControl "40/5400+30:1800+30"]

1. e4 {(00:00} e6 {(00:00} 2. d3 {(02:14} d5 {(
00:00} 3. Qe2 {(00:43} Nf6 {(00:16} 4. Nf3 {(00:14}
Be7 {(00:30} 5. g3 {(00:29} c5 {(00:05} 6. Bg2 {
(00:12} O-O {(00:10} 7. O-O {(00:54} b5 {(00:27]
} 8. e5 {(04:04} Nfd7 {(00:17} 9. h4 {(00:19} Nc6 {
(01:08} 10. Bf4 {(00:17} a5 {(05:11} 11. Nbd2 {(
00:29} a4 {(00:58} 12. a3 {(09:42} b4 {(02:15} 13.
Rfe1 {(02:56} Ba6 {(05:37} 14. axb4 {(08:27} Nxb4 {
(02:22} 15. Qd1 {(00:11} Nb6 {(08:32} 16. Nb1 {(
03:51} Qd7 {(04:52} 17. Ng5 {(05:09} Rfb8 {(05:04} 18.
Na3 {(02:41} Bf8 {(02:51} 19. Qh5 {(06:54} h6 {(
00:10} 20. Nf3 {(00:10} Nc8 {(09:38} 21. Rad1 {(09:50}
Ne7 {(02:28} 22. Qg4 {(03:23} Kh8 {(02:34} 23. h5 {
(04:53} Na2 {(03:45} 24. Rb1 {(10:00} Rb4 {(01:
00} 25. c4 {(01:09} Rab8 {(01:23} 26. Nh4 {(03:36}
Rxb2 {(02:56} 27. Rxb2 {(00:16} Rxb2 {(00:02} 28. cxd5
{(00:19} Nxd5 {(02:03} 29. Nc4 {(02:22} Bxc4 {(
06:36} 30. dxc4 {(00:05} Nxf4 {(00:05} 31. Qxf4 {(00:
31} Kg8 {(01:42} 32. Nf3 {(07:33} Nb4 {(04:15} 33. Qe3
{(02:45} Rb3 {(03:08} 34. Qc1 {(06:19} a3 {(00:
51} 35. Nd2 {(00:51} Rd3 {(03:42} 36. Nb1 {(01:07} a2
{(03:05} 37. Nc3 {(00:51} a1=Q {(03:01} 0-1

[Event "42nd Olympiad Baku 2016 Open"]
[Site "Baku"]
[Date "2016.09.08"]
[Round "6.35"]
[White "Hernandez, Roberto"]
[Black "Ble, Kouko Hubert"]
[Result "1-0"]
[ECO "A02"]
[WhiteElo "1798"]
[BlackElo "1918"]
[Annotator ""]
[PlyCount "101"]
[EventDate "2016.??.??"]
[EventCountry "AZE"]
[SourceTitle "playchess.com"]
[Source "ChessBase"]
[WhiteTeam "PLW"]
[BlackTeam "CIV"]
[TimeControl "40/5400+30:1800+30"]

1. f4 {(00:00} Nf6 {(02:12} 2. Nf3 {(00:00} c5 {
(02:46} 3. d4 {(01:40} cxd4 {(01:46} 4. Nxd4 {(
01:20} g6 {(01:43} 5. Nc3 {(00:52} Bg7 {(01:12} 6. e4
{(01:16} d6 {(01:42} 7. Bc4 {(06:54} O-O {(00:
38} 8. Bb3 {(03:23} Nc6 {(01:00} 9. Nxc6 {(06:15} bxc6
{(00:03} 10. h3 {(00:18} Qb6 {(05:24} 11. Qf3 {(
01:07} Be6 {(15:44} 12. Be3 {(03:12} Qa5 {(02:42} 13.
O-O {(03:26} Nd7 {(10:21} 14. f5 {(04:03} Ne5 {(
04:03} 15. Qf2 {(01:34} Bc4 {(00:22} 16. Rfd1 {(04:04}
Qc7 {(05:35} 17. Bd4 {(02:28} Ba6 {(02:01} 18. fxg6 {
(03:30} hxg6 {(00:42} 19. Qg3 {(00:32} e6 {(00:
19} 20. Rd2 {(02:59} d5 {(02:15} 21. Bc5 {(06:46} Rfc8
{(02:08} 22. Rad1 {(01:28} Nc4 {(05:38} 23. Qxc7 {
(01:07} Rxc7 {(00:09} 24. Bxc4 {(00:37} Bxc3 {(
01:33} 25. Bxa6 {(00:42} Bxb2 26. Bd6 Rd7 {(05:17} 27. e5 {
(00:55} Bc3 {(01:30} 28. Rd3 {(01:21} Ba5 {(02:
06} 29. c4 Rxd6 {(07:51} 30. exd6 {(06:26} Bb6+ {(02:
05} 31. Kf1 {(00:54} Rd8 {(00:08} 32. Rc1 {(02:24} Ba5
{(07:58} 33. c5 {(00:42} Rd7 {(03:43} 34. Rb3 {(
00:39} d4 {(03:06} 35. Bb7 {(00:35} f5 {(00:34} 36.
Bxc6 {(00:21} Rd8 {(00:30} 37. Rb7 {(01:03} e5 {
(00:16} 38. Re7 {(00:32} e4 {(00:11} 39. d7 {(
00:25} d3 {(01:00} 40. Bd5+ {(02:12} Kh8 {(00:20} 41.
Re8+ {(00:12} Kg7 {(00:47} 42. Rxd8 {(00:11} Bxd8 {
(00:02} 43. Ke1 {(01:15} e3 {(03:28} 44. Kd1 {(
04:33} Ba5 {(02:56} 45. Bf3 {(00:44} Kf7 {(07:45} 46.
c6 {(00:22} e2+ {(04:05} 47. Bxe2 {(00:12} dxe2+ {
(00:01} 48. Kxe2 {(00:01} Bc7 {(00:35} 49. d8=Q {
(00:19} Bxd8 {(00:29} 50. c7 {(00:02} Bxc7 {(00:
17} 51. Rxc7+ {(00:02} 1-0

[Event "42nd Olympiad Baku 2016 Open"]
[Site "Baku"]
[Date "2016.09.08"]
[Round "6.35"]
[White "Hjartarson, Johann"]
[Black "Yilmaz, Mustafa"]
[Result "1/2-1/2"]
[ECO "B92"]
[WhiteElo "2545"]
[BlackElo "2616"]
[Annotator ""]
[PlyCount "98"]
[EventDate "2016.??.??"]
[EventCountry "AZE"]
[SourceTitle "playchess.com"]
[Source "ChessBase"]
[WhiteTeam "Iceland"]
[BlackTeam "Turkey"]
[WhiteTeamCountry "ISL"]
[BlackTeamCountry "TUR"]
[TimeControl "40/5400+30:1800+30"]

1. e4 {(00:00} c5 {(00:00} 2. Nf3 {(00:00} d6 {(
00:00} 3. d4 {(00:09} cxd4 {(00:00} 4. Nxd4 {(00:07}
Nf6 {(00:00} 5. Nc3 {(00:07} a6 {(00:00} 6. Be2 {
(00:18} e5 {(00:00} 7. Nb3 {(00:06} Be7 {(00:00]
} 8. O-O {(00:11} O-O {(00:03} 9. Be3 {(00:46} Be6 {
(00:07} 10. Nd5 {(01:16} Nbd7 {(01:34} 11. Qd3 {
(00:20} Bxd5 {(00:04} 12. exd5 {(00:09} Rc8 {(
00:02} 13. c4 {(00:28} Ne8 {(00:14} 14. Qd2 {(01:36}
f5 {(05:39} 15. g3 {(05:02} b6 {(12:23} 16. Kh1 {
(01:00} g6 {(07:32} 17. Rae1 {(02:22} Ng7 {(15:
47} 18. Na1 {(06:50} Nc5 {(06:35} 19. f3 {(06:25} a5 {
(09:54} 20. Nc2 {(09:40} Nh5 {(04:35} 21. Bh6 {(
18:00} Rf7 {(01:31} 22. b4 {(07:33} axb4 {(03:23} 23.
Nxb4 {(00:14} f4 {(05:43} 24. g4 {(04:29} Ng7 {(
01:40} 25. Rb1 {(04:02} Qc7 {(03:06} 26. Nc6 {(01:21}
Ra8 {(00:59} 27. Rb4 {(02:18} Bh4 {(09:09} 28. Rfb1 {
(04:20} Bf2 {(01:34} 29. Qc2 {(01:07} Nd7 {(01:
04} 30. a4 {(01:23} Nb8 {(05:38} 31. Nxb8 {(10:14}
Qxb8 {(00:29} 32. Rb5 {(01:41} Qd8 {(00:26} 33. Bd1 {
(06:47} Bc5 {(00:51} 34. Qe2 {(01:04} Qh4 {(00:
57} 35. Bxg7 {(00:25} Kxg7 {(00:01} 36. Bc2 {(01:05}
h5 {(05:14} 37. gxh5 {(02:28} Qxh5 {(01:00} 38. Rxb6 {
(02:08} Bxb6 {(00:41} 39. Rxb6 {(00:03} Rf6 {(
00:26} 40. Rb7+ {(00:00} Rf7 {(00:00} 41. Rb6 {(02:07}
Rf6 {(01:45} 42. Rb7+ {(00:17} Kh6 {(01:53} 43. Rb6 {
(05:12} Qh3 {(06:20} 44. Qg2 {(09:29} Qxg2+ {(
07:11} 45. Kxg2 {(00:03} Kg7 {(02:24} 46. Rb7+ {(00:51]
} Rf7 {(00:38} 47. Rb6 {(00:12} Rd7 {(05:13} 48. h4 {
(02:25} Rc8 {(05:30} 49. Bd3 {(03:48} Ra8 1/2-1/2

[Event "42nd Olympiad Baku 2016 Open"]
[Site "Baku"]
[Date "2016.09.08"]
[Round "6.11"]
[White "Hracek, Zbynek"]
[Black "Pantsulaia, Levan"]
[Result "1/2-1/2"]
[ECO "B12"]
[WhiteElo "2591"]
[BlackElo "2601"]
[Annotator ""]
[PlyCount "73"]
[EventDate "2016.??.??"]
[EventCountry "AZE"]
[SourceTitle "playchess.com"]
[Source "ChessBase"]
[WhiteTeam "Czech Republic"]
[BlackTeam "Georgia"]
[WhiteTeamCountry "CZE"]
[BlackTeamCountry "GEO"]
[TimeControl "40/5400+30:1800+30"]

1. e4 {(00:00} c6 {(00:00} 2. d4 {(00:00} d5 {(
00:00} 3. e5 {(00:00} Bf5 {(00:36} 4. Nf3 {(00:00} e6
{(00:53} 5. Be2 {(00:00} Nd7 {(01:45} 6. O-O {(
00:11} Nh6 {(04:35} 7. Nbd2 {(01:04} Be7 {(00:32} 8.
Nb3 {(00:03} O-O {(00:17} 9. a4 {(05:42} Bg6 {(
12:33} 10. a5 {(01:19} b5 {(00:17} 11. Bxh6 {(11:55}
gxh6 {(00:20} 12. Qd2 {(00:07} Kg7 {(07:16} 13. Nc1 {
(11:50} c5 {(00:36} 14. Bxb5 {(08:19} Rb8 {(01:
46} 15. Bd3 {(01:44} c4 {(04:31} 16. Bxg6 {(00:43}
hxg6 {(00:06} 17. b3 {(12:43} cxb3 {(05:47} 18. Nxb3 {
(01:43} Qc7 {(00:16} 19. Qd3 {(08:19} Rb4 {(10:
33} 20. Rfc1 {(02:46} Rc8 {(00:43} 21. Nbd2 {(08:25}
Qc3 {(02:05} 22. Qxc3 {(02:56} Rxc3 {(00:06} 23. Nb1 {
(03:49} Rxf3 {(21:54} 24. gxf3 {(00:02} Rxd4 {(
00:06} 25. Nc3 {(09:53} Nxe5 {(01:39} 26. Nb5 {(01:41}
Nxf3+ {(01:14} 27. Kg2 {(00:11} Rf4 {(00:11} 28. Nxa7 {
(02:57} Nh4+ {(04:32} 29. Kh1 {(00:01} Bf6 {(01:
36} 30. c3 {(02:55} Rxf2 {(12:23} 31. Rf1 {(00:02} Rc2
{(02:35} 32. a6 {(02:25} Be5 {(01:35} 33. Nc6 {(
00:07} Rxh2+ {(00:12} 34. Kg1 {(00:04} Rg2+ {(00:40}
35. Kh1 {(00:02} Rh2+ {(01:40} 36. Kg1 {(00:04} Rg2+ {
(00:12} 37. Kh1 {(00:02} 1/2-1/2

[Event "42nd Olympiad Baku 2016 Open"]
[Site "Baku"]
[Date "2016.09.08"]
[Round "6.19"]
[White "Huguet, Sergio"]
[Black "Orio, Rogelio L"]
[Result "1-0"]
[ECO "B03"]
[WhiteElo "2099"]
[BlackElo "1781"]
[Annotator ""]
[PlyCount "117"]
[EventDate "2016.??.??"]
[EventCountry "AZE"]
[SourceTitle "playchess.com"]
[Source "ChessBase"]
[WhiteTeam "Honduras"]
[BlackTeam "GUM"]
[WhiteTeamCountry "HON"]
[TimeControl "40/5400+30:1800+30"]

1. e4 {(00:00} Nf6 {(00:00} 2. e5 {(00:08} Nd5 {
(00:00} 3. d4 {(00:35} Nc6 {(00:18} 4. c4 {(01:
43} Nb6 {(00:44} 5. Nc3 {(02:39} d6 {(00:54} 6. exd6 {
(02:34} cxd6 {(00:21} 7. Be2 {(02:23} Bf5 {(00:
28} 8. Be3 {(03:29} Rc8 {(03:28} 9. b3 {(03:57} g6 {
(04:53} 10. Rc1 {(02:29} Bg7 {(00:12} 11. Nf3 {(
01:48} O-O {(00:31} 12. O-O {(02:13} Re8 {(01:18} 13.
h3 {(02:47} e5 {(00:24} 14. d5 {(03:30} Nb4 {(
02:17} 15. Qd2 {(03:17} e4 {(01:06} 16. Nd4 {(05:52}
Na6 {(09:09} 17. Ncb5 {(04:18} Ra8 {(01:32} 18. Rfd1 {
(10:01} Nc5 {(00:53} 19. Bg5 {(05:13} f6 {(03:
59} 20. Bf4 {(01:52} Nc8 {(00:26} 21. b4 {(04:00} Na4
{(04:09} 22. Nxf5 {(02:29} gxf5 {(00:38} 23. Nd4 {
(01:14} a5 {(01:47} 24. Bh5 {(02:05} Re7 {(04:
12} 25. Nxf5 {(00:59} Rc7 {(01:02} 26. Qc2 {(04:11}
axb4 {(00:28} 27. Qxe4 {(01:14} Nc5 {(00:39} 28. Qe2 {
(01:55} Qf8 {(05:37} 29. Rd4 {(03:11} Ra3 {(00:
55} 30. Re1 {(03:03} Ra8 {(02:35} 31. Qg4 {(01:57} Re7
{(12:36} 32. Nxe7+ {(03:38} Nxe7 {(00:08} 33. Bxd6 {
(03:07} f5 {(00:26} 34. Qg5 {(08:20} Ne4 {(00:
44} 35. Rdxe4 {(00:33} fxe4 {(00:35} 36. Qxe7 {(01:00}
Qxe7 {(05:22} 37. Bxe7 {(00:09} Bc3 {(00:14} 38. Re2 {
(00:54} Kg7 {(00:16} 39. d6 {(00:43} e3 {(03:10]
} 40. fxe3 {(00:00} Be5 {(00:00} 41. d7 {(03:53} Bc7 {
(03:40} 42. Bxb4 {(02:08} Kf6 {(01:26} 43. a3 {(
00:53} Ke5 {(00:15} 44. Rf2 {(01:53} Ke4 {(00:39} 45.
Rf8 {(01:08} Ra6 {(02:03} 46. Re8+ {(00:33} Kd3 {
(00:52} 47. d8=Q+ {(00:13} Bxd8 {(00:30} 48. Rxd8+ {
(00:07} Kxe3 {(00:17} 49. Bf3 {(01:22} Kf4 {(01:
10} 50. Bxb7 {(01:18} Re6 {(00:22} 51. Rd4+ {(00:35}
Kg5 {(00:41} 52. Rg4+ {(00:49} Kf6 {(00:32} 53. Bc3+ {
(00:17} Ke7 {(00:53} 54. Re4 {(00:07} h5 {(01:
41} 55. Rxe6+ {(00:14} Kxe6 {(00:08} 56. a4 {(00:12}
Kd7 {(00:31} 57. Be5 {(00:19} h4 {(00:25} 58. a5 {
(00:14} Ke6 {(00:10} 59. Bb8 {(00:19] Kd5} 1-0